AoeStats
← OldStyle

Arabia

509970732Analyzed
1v1 RM · 2d ago on Sep 28, 2026· 49m 37s· 2 players
Game mode
Random Map
Map size
Tiny (2 player)
Population
200
Speed
Normal
Resources
Standard
Victory
Conquest
Starting age
Dark Age
Ending age
Imperial Age
RankedLock teamsTeams togetherTeam positionsShared explorationLock speedFull tech treeHidden civsTurbo modeCheats
Victory
Defeat
🇧🇷 Mongols · Brazil
1369
+16
🇲🇽 Varangians · Mexico
1379
-16
OldStyle
2:54 Loom
9:25 Feudal Age
9:51 Man-at-Arms
18:12 Double-Bit Axe
18:37 Fletching
19:41 Wheelbarrow
25:24 Castle Age
25:01 Horse Collar
25:33 Forging
28:02 Scale Barding Armor
36:32 Iron Casting
37:27 Bloodlines
39:38 Chain Barding Armor
41:19 Gold Mining
42:13 Bodkin Arrow
45:21 Town Watch
47:09 Bow Saw
47:01 Heavy Plow
VempirE Reider
2:37 Loom
4:45 Loom
12:46 Feudal Age
12:53 Man-at-Arms
14:34 Double-Bit Axe
16:17 Horse Collar
20:48 Bloodlines
21:20 Fletching
27:39 Wheelbarrow
30:58 Castle Age
30:44 Scale Mail Armor
32:01 Chain Mail Armor
31:57 Forging
32:02 Squires
31:49 Gambesons
33:53 Arson
Connection lost

Rejoining the realm…

Still unreachable

The connection could not be restored.

Session expired

The server has moved on; the page needs a fresh start.